slyhack, chaotic female human Rogue --------- -------------------------------- |.......| |..............................| |.......| |...--------.......-----------.| |.......| |...|++?| |------.|..|((( +.| |.......| |...|+++| |.....|.|..|((( |.| |<......| |...|...-+-|.._..|.-|-|.. ----.| ---.----- |...--|--..|.....|....-|---....| ## -..........|.....|.............-# # |........[.--%----.{...........|# #### |........II....................|# --.--- |...--+--.[I........-+---+--...|###%.....| |...| --------.---| |...|# # |....| |...| |%].-.-..| |...| ##.....| |...| |%!.|.|..| |...| |....| |...- -----.---- -...| ------ |... ... ...| ----- ----- ----- slyhack the Rogue Experience level: 7 Strength: 25 Dexterity: 18 Constitution: 14 Intelligence: 10 Wisdom: 11 Charisma: 10 Health: 0(47) Energy: 28(28) Def: 16 Gold: 441 Moves: 3566 Dungeon seed: JPRzADydZTuXqkNX Game ID: slyhack_1475169615 Your Inventory: Coins $ - 441 gold pieces Weapons a - an uncursed +0 short sword (weapon in hand) b - 3 uncursed +0 daggers (in quiver) e - a cursed -3 dagger g - 13 uncursed +0 arrows h - an uncursed +0 bow Armor n - an uncursed +0 dwarvish cloak q - an uncursed +0 cloak of protection (being worn) H - an uncursed +0 pair of gauntlets of power (being worn) S - an uncursed +0 dwarvish mithril-coat (being worn) T - an uncursed +0 dwarvish iron helm (being worn) V - an uncursed +0 dwarvish roundshield (being worn) W - an uncursed +0 pair of iron shoes (being worn) Y - an uncursed +0 Hawaiian shirt (being worn) Comestibles c - 2 uncursed tripe rations l - an uncursed partly eaten food ration Scrolls f - an uncursed scroll of teleportation Wands r - an uncursed wand of striking (0:3) Tools d - a blessed partly used wax candle (0:117) k - an uncursed lock pick Spells and supernatural/magical abilities: Name Level Category Fail Memory W - pray for help -- divine ? -- Your skills at the end: Fighting Skills Weapon Skills dagger [Basic] short sword [Basic] Spellcasting Skills Final Attributes: You were piously aligned. You were cold resistant. You were blinded. You were stealthy. You were protected. You are dead. Vanquished creatures: a dwarf king a gnome king a blue jelly 3 Uruk-hai 2 yellow lights 7 gnome lords 3 gnomish wizards 2 elf zombies a kitten 8 dwarves 2 hill orcs a rothe a rabid rat an acid blob 2 coyotes 3 hobbits a hobgoblin a giant rat a yellow mold 25 gnomes a garter snake 3 geckos 3 jackals 2 foxes 2 kobolds 5 goblins a grid bug 2 lichens a kobold zombie 5 newts 92 creatures vanquished. Voluntary challenges: You had been an atheist until turn 3492. You used a wielded weapon 92 times, starting on turn 39. You were illiterate. You never genocided any monsters. You never polymorphed an object. You never changed form. You used no wishes. You never split a pudding. You never wrote Elbereth's name. You violated your moral code, losing 1 point of alignment, starting on turn 3562. Dungeon overview: The Dungeons of Doom: levels 1 to 3 Level 1 some fountains a long staircase Level 2 a general store stairs to The Gnomish Mines Level 3 The Gnomish Mines: levels 3 to 6 Level 3 stairs to The Dungeons of Doom Level 4 Level 5 Level 6 <- You were here some shops, a temple to Mog, some fountains History has recorded: On T:1 you entered the Dungeons of Doom to retrieve the Amulet of Yendor! On T:237 you advanced to experience level 2. On T:363 you reached level 2 of The Dungeons of Doom. On T:569 you reached level 3 of The Dungeons of Doom. On T:820 you advanced to experience level 3. On T:837 you reached level 1 of The Gnomish Mines. On T:2017 you advanced to experience level 4. On T:2384 you reached level 2 of The Gnomish Mines. On T:2478 you advanced to experience level 5. On T:2655 you advanced to experience level 6. On T:2795 you reached level 3 of The Gnomish Mines. On T:3433 you reached level 4 of The Gnomish Mines. On T:3555 you advanced to experience level 7. Score breakdown: Gold: 441 ( 8998 points) Experience: 7 levels (13645 points) Exploration: 6 levels ( 13.04%) (10000 points) Discoveries: 7 items ( 2.35%) ( 4597 points) Valuables value: (no points given unless you survive) Artifact value: 0 ( 0 points) Variety of kills: 30 monsters ( 7.87%) ( 8418 points) Turncount: 3566 turns ( -855 points) Survival: died (score multiplied by 80%) Total score: 35842 Latest messages: You kill it! There's still a monster there. It gets angry! You hit it. You hear the shrill sound of a guard's whistle. The dagger hits it. It misses. It hits! You throw 2 daggers. The 1st dagger misses. The 2nd dagger hits it. It hits! It misses. It hits! It misses. You miss it. It hits! (2x) You miss it. It hits! (3x) You die... Final status: Goodbye slyhack the Rogue, killed by a watch captain... You died in The Gnomish Mines on dungeon level 6 with 35842 points, and 441 pieces of gold, after 3566 moves. You were level 7 with a maximum of 47 hit points when you died.